 Dungeon Crawl Stone Soup version 0.31-a0-845-g9abc20d24f (webtiles) character file.

Game seed: 8709338901989049357

1 bobo the Prestidigitator (level 1, -1/13 HPs)
             Began as a Gnoll Wanderer on Oct 3, 2023.
             Slain by a quokka (4 damage)
             ... on level 1 of the Dungeon.
             The game lasted 00:00:25 (27 turns).

bobo the Prestidigitator (Gnoll Wanderer)             Turns: 27, Time: 00:00:26

Health: -1/13      AC:  2    Str:  9    XL:     1   Next: 20%
Magic:  0/4        EV: 11    Int: 14    God:
Gold:   0          SH:  0    Dex: 10    Spells: 4/5 levels left

rFire   . . .        a - +0 dagger
rCold   . . .        (no shield)
rNeg    . . .        c - +0 robe
rPois   .            (no helmet)
rElec   .            (no cloak)
rCorr   .            (no gloves)
SInv    .            (no boots)
Will    .....        (no amulet)
Stlth   ++           (no ring)
HPRegen 0.22/turn    (no ring)
MPRegen 0.09/turn

%: no passive effects
@: no status effects
A: fangs 1, strong nose, distributed training
a: no special abilities


You were on level 1 of the Dungeon.
You visited 1 branch of the dungeon, and saw 1 of its levels.

Inventory:

Hand Weapons
 a - a +0 dagger (weapon)
Armour
 c - a +0 robe (worn)
Wands
 d - a wand of polymorph (2)
Scrolls
 b - a scroll of fog


   Skills:
 + Level 0.0 Fighting
 + Level 0.0 Short Blades
 + Level 0.0 Long Blades
 + Level 0.0 Axes
 + Level 0.0 Maces & Flails
 + Level 0.0 Polearms
 + Level 0.0 Staves
 + Level 0.0 Ranged Weapons
 + Level 0.0 Throwing
 + Level 0.0 Armour
 + Level 0.0 Dodging
 + Level 4.0 Stealth
 + Level 0.0 Shields
 + Level 0.0 Unarmed Combat
 + Level 2.6 Spellcasting
 + Level 0.0 Conjurations
 + Level 0.0 Hexes
 + Level 1.9 Summonings
 + Level 0.0 Necromancy
 + Level 0.0 Translocations
 + Level 0.0 Transmutations
 + Level 0.0 Fire Magic
 + Level 3.6 Ice Magic
 + Level 0.0 Air Magic
 + Level 0.0 Earth Magic
 + Level 0.0 Poison Magic
 + Level 0.0 Invocations
 + Level 8.4 Evocations
 + Level 0.0 Shapeshifting


You had 4 spell levels left.
You knew the following spells:

 Your Spells              Type           Power      Damage    Failure   Level
a - Freeze                Ice            48%        1d6       4%          1

Your spell library contained the following spells:

 Spells                   Type           Power      Damage    Failure   Level
 Summon Small Mammal      Summ           28%        N/A       10%         1
 Hailstorm                Conj/Ice       6%         3d4       32%         3
 Summon Guardian Golem    Hex/Summ       4%         N/A       41%         3
 Summon Ice Beast         Ice/Summ       9%         N/A       56%         4


Dungeon Overview and Level Annotations

Branches:
Dungeon (1/15)

Altars:


Innate Abilities, Weirdness & Mutations

You have very sharp teeth.
Your uncanny sense of smell can sniff out nearby items.
Your experience applies equally to all skills.


Message History

Welcome, bobo the Gnoll Wanderer.
They say the Orb of Zot lies within this dungeon, but they say a lot of things.
Press ? for a list of commands and other information.
Found a staircase leading out of the dungeon.
You begin with the following items: a +0 dagger, a scroll of fog, a +0 robe, a wand of polymorph (3); and the following spells available to memorise: Freeze, Summon Small Mammal, Hailstorm, Summon Guardian Golem, Summon Ice Beast.
You start memorising the spell.
You continue memorising.
You finish memorising.
Spell assigned to 'a'.
A kobold comes into view. It is wielding a +0 club.
A quokka comes into view.
The kobold shouts!
The kobold barely resists.
A quokka comes into view.
The kobold hits you with a +0 club.
You freeze the kobold.
You kill the kobold!
You freeze the quokka.
The quokka is heavily wounded.
The quokka bites you. x2
You freeze the quokka.
The quokka is severely wounded.
The quokka bites you. The quokka misses you.
You are too injured to fight recklessly!
The quokka bites you but does no damage.
Casting: Freeze (safe; 4% risk of failure)
Confirm with . or Enter, or press ? or * to list all spells.
Aiming: Freeze (safe; 4% risk of failure)
Press: ? - help, Shift-Dir - straight line, f - quokka, p - quokka
Aim: a quokka You freeze the quokka.
The quokka is severely wounded.
The quokka bites you but does no damage. x2
Unknown command.
You closely miss the quokka.
The quokka is severely wounded.
The quokka bites you.
* * * LOW HITPOINT WARNING * * *
You barely miss the quokka.
The quokka is severely wounded.
The quokka bites you.
You die...

♣ ♣♣♣ ♣ ♣♣ . ...
.. ♣.♣♣. ..♣..
∆♣...♣♣...♣♣
♣♣♣.♣.......♣ ♣♣♣♣
..♣..♣)..♣ ♣..♣♣♣
♣.♣r..♣ ♣.♣...♣
♣♣r♣..♣
♣<♣♣♣..♣♣@♣♣.....
♣♣..♣♣♣.♣.♣..♣...♣
♣.♣.♣♣♣.♣♣.♣.♣..♣
♣.♣♣...♣.♣.. .
♣♣.. ♣. ♣♣♣♣.♣♣..
♣. ... ♣. ♣..♣.♣.
. .♣ ♣. ♣..♣♣ ♣.
..♣. ♣♣♣♣♣♣♣


You could see 2 quokkas.

Vanquished Creatures
  A kobold (D:1)
1 creature vanquished.

Notes
Turn   | Place    | Note
-------+----------+-------------------------------------------
     0 | D:1      | bobo the Gnoll Wanderer began the quest for the Orb.
     0 | D:1      | bobo set off with the following items: a +0 dagger, a
                  | scroll of fog, a +0 robe, a wand of polymorph (3); and the
                  | following spells available to memorise: Freeze, Summon
                  | Small Mammal, Hailstorm, Summon Guardian Golem, Summon Ice
                  | Beast.
     0 | D:1      | Reached XP level 1. HP: 13/13 MP: 4/4
     2 | D:1      | Learned a level 1 spell: Freeze
    27 | D:1      | Slain by a quokka

Illustrated notes

Levels and vault maps discovered:
D:1:      erik_arrival_cave_to_civilisation [erik_arrival_cave_to_temple],
          layout_loops_ring

Action                     || total
---------------------------++-------
  Melee: Dagger            ||     2
   Cast: Freeze            ||     4
  Evoke: Wand              ||     1
 Armour: Robe              ||     9
  Dodge: Dodged            ||     1

Table legend: (Time is in decaauts)
 A = Elapsed time spent in this place.
 B = Non-inter-level travel time spent in this place.
 C = Inter-level travel time spent in this place.
 D = Time resting spent in this place.
 E = Time spent auto-exploring this place.
 F = Levels seen in this place.
 G = Mean time per level.
                   A        B        C        D        E       F      G
               +--------+--------+--------+--------+--------+-----+--------+
         Total |     27 |     27 |      0 |      0 |     10 |   1 |   27.0 |
       Dungeon |     27 |     27 |      0 |      0 |     10 |   1 |   27.0 |
               +--------+--------+--------+--------+--------+-----+--------+

Top non-repeatable levels by time:
     D:1: 27 daAuts
